 Dungeon Crawl Stone Soup version 0.29-a0-82-g837932c90e (webtiles) character file.

Game seed: 10318545711765294243

3527 belegose the Skirmisher (level 9, -5/91 HPs)
             Began as a Troll Cinder Acolyte on Feb 4, 2022.
             Was a High Priest of Ignis.
             Slain by a yak (9 damage)
             ... on level 7 of the Dungeon.
             The game lasted 00:19:29 (7337 turns).

belegose the Skirmisher (Troll Cinder Acolyte)      Turns: 7337, Time: 00:19:30

Health: -5/91      AC:  4    Str: 24    XL:     9   Next: 82%
Magic:  9/9        EV:  6    Int: 10    God:    Ignis [*****.]
Gold:   155        SH: 12    Dex:  9    Spells: 10/10 levels left

rFire   + + +      SeeInvis .   a - +1 mace (venom)
rCold   + + .      Faith    .   p - +0 tower shield
rNeg    . . .      Spirit   .   t - +0 robe
rPois   .          Reflect  .   j - +0 hat
rElec   .          Harm     .   u - scarf {rC+ rF+}
rCorr   .          Rampage  .   (gloves unavailable)
Will    .....                   (boots unavailable)
Stlth   +.........              (no amulet)
HPRegen 1.05/turn               r - ring of protection from fire
MPRegen 0.11/turn               z - ring of protection from cold

@: no status effects
A: large, unfitting armour, claws 3, regeneration 1, shaggy fur 1, tough skin 1
a: Renounce Religion, Fiery Armour, Foxfire Swarm


You were on level 7 of the Dungeon.
You worshipped Ignis.
Ignis was extremely pleased with you.
You visited 2 branches of the dungeon, and saw 9 of its levels.

You collected 241 gold pieces.
You spent 86 gold pieces at shops.

Inventory:

Hand Weapons
 a - a +1 mace of venom (weapon)
Missiles
 d - 18 boomerangs
 h - 13 large rocks
 k - 172 stones
 x - 5 curare-tipped darts (quivered)
Armour
 j - a +0 hat (worn)
 p - a +0 tower shield (worn)
 t - a +0 robe (worn)
 u - a scarf of resistance (worn)
Jewellery
 r - a ring of protection from fire (left claw)
 z - a ring of protection from cold (right claw)
Scrolls
 b - 6 scrolls of teleportation {unknown}
 f - 3 scrolls of fear {unknown}
 i - a scroll of fog {unknown}
 n - 4 scrolls of noise {unknown}
 q - 2 scrolls of summoning {unknown}
 s - a scroll of torment {unknown}
 w - a scroll of enchant armour {unknown}
 y - a scroll of enchant weapon {unknown}
 A - a scroll of brand weapon {unknown}
 B - a scroll of silence {unknown}
 C - a scroll of amnesia {unknown}
 D - a scroll of blinking {unknown}
Potions
 c - 2 potions of cancellation
 e - a potion of might
 g - a potion of mutation
 l - 2 potions of haste
 o - 2 potions of attraction
 v - a potion of flight


   Skills:
 + Level 6.3 Fighting
 + Level 5.9 Maces & Flails
 + Level 6.3 Throwing
 - Level 1.4 Armour
 + Level 5.4 Shields
 - Level 3.7 Unarmed Combat
 - Level 1.0 Spellcasting
 - Level 2.1 Fire Magic


You had 10 spell levels left.
You didn't know any spells.
Your spell library contained the following spells:

 Spells                   Type           Power      Damage    Failure   Level
 Scorch                   Fire           8%         2d5       77%         2
 Sandblast                Erth           0%         2d4       90%         1
 Shock                    Conj/Air       0%         1d3       90%         1
 Summon Small Mammal      Summ           0%         N/A       90%         1
 Ensorcelled Hibernation  Hex/Ice        0%         N/A       97%         2
 Passwall                 Tmut/Erth      0%         N/A       97%         2
 Conjure Flame            Conj/Fire      2%         6-21      98%         3
 Call Canine Familiar     Summ           0%         N/A       99%         3
 Gell's Gravitas          Tloc           0%         N/A       99%         3
 Ignite Poison            Fire/Tmut/Pois 1%         N/A       99%         3
 Lesser Beckoning         Tloc           0%         N/A       99%         3
 Stone Arrow              Conj/Erth      0%         3d7       99%         3
 Summon Guardian Golem    Hex/Summ       0%         N/A       99%         3
 Swiftness                Air            0%         N/A       99%         3
 Teleport Other           Tloc           0%         N/A       99%         3
 Tukima's Dance           Hex            0%         N/A       99%         3
 Airstrike                Air            0%         N/A       100%        4
 Fulminant Prism          Conj/Hex       0%         3d6       100%        4
 Iskenderun's Mystic Bla  Conj/Tloc      0%         2d3       100%        4
 Passage of Golubria      Tloc           0%         N/A       100%        4
 Sticky Flame             Conj/Fire      2%         2d3       100%        4
 Lee's Rapid Deconstruct  Erth           0%         3d5*      100%        5
 Yara's Violent Unravell  Hex/Tmut       0%         3d3       100%        5


Dungeon Overview and Level Annotations

Branches:
Dungeon (8/15)             Temple (1/1) D:7
   Lair: D:8-11

Altars:
Ashenzari
Cheibriados
Dithmenos
Elyvilon
Fedhas
Gozag
Hepliaklqana
Kikubaaqudgha
Makhleb
Nemelex Xobeh
Okawaru
Qazlal
Ru
Sif Muna
Trog
Uskayaw
Vehumet
Wu Jian
Xom
Yredelemnul
Zin
The Shining One

Shops:
D:2 !=::?   D:4 (


Innate Abilities, Weirdness & Mutations

You are too large for most types of armour.
You have claws for hands.
Your natural rate of healing is unusually fast.
You are covered in fur. (AC +1)
You have tough skin. (AC +1)


Message History

The yak is severely wounded.
You block the yak's attack. The yak completely misses you.
You hit the yak.
The yak looks as sick as possible!
The yak is severely wounded.
The yak gores you!
You closely miss the yak.
The yak is almost dead.
You kill the yak!
Unknown command.
You start resting.
HP restored.
Unknown command.
You climb downwards.
You block the yak's attack. The yak gores you!
The orc hits you with a +0 hand axe.
There is a stone staircase leading up, spattered with blood here.
The yak gores you. You block the yak's attack. The orc barely misses you.
You climb upwards.
There is a stone staircase leading down, spattered with blood here.
Unknown command.
You hit the orc.
The orc is lightly wounded.
You block the yak's attack. x2; The orc hits you with a +0 hand axe.
The yak gores you! You block the yak's attack.
The orc hits you with a +0 hand axe.
You closely miss the orc.
The orc is lightly wounded.
The yak gores you. You block the yak's attack.
The orc hits you with a +0 hand axe.
You closely miss the orc.
The orc is lightly wounded.
You block the yak's attack. The yak gores you! You block the orc's attack.
The yak gores you.
You thump the orc!
You kill the orc!
The yak gores you! x2
* * * LOW HITPOINT WARNING * * *
The yak gores you!
* * * LOW HITPOINT WARNING * * *
The yak gores you!
You die...

#..# #.########.# #.#
#..## #.# #.# #.#
#...###### #.# #.# #.#
.........# #.# #.# #.#
#...####.# #.# #.# #.#
##### #.# #.# #.# #.# #.#
#.# #####.#####.# #.# #.#
#...........#
#.#######@####.###.#######
#........Y>Y.).....#
####################


You could see 2 yaks.

Vanquished Creatures
  Eustachio (D:6)
  2 yaks (D:7)
  4 water moccasins (D:7)
  2 black bears
  A sky beast (D:7)
  2 orc warriors
  2 ice beasts
  2 necrophages (D:6)
  An ogre (D:5)
  A centaur (D:8)
  A phantom (D:3)
  A kobold brigand (D:6)
  3 bullfrogs
  3 scorpions
  3 wights (D:7)
  3 electric eels (D:6)
  A centaur zombie (D:5)
  3 bullfrog zombies
  6 hounds
  4 orc priests
  A gnoll shaman (D:3)
  A jelly (D:5)
  2 bullfrog skeletons
  3 iguanas
  2 orc wizards
  A killer bee zombie (D:5)
  4 adders
  10 gnolls
  An ufetubus (D:6)
  An adder skeleton (D:4)
  3 worms (D:4)
  6 dart slugs
  21 orcs
  6 ball pythons
  7 endoplasms
  5 giant cockroaches
  9 goblins
  3 hobgoblins (D:2)
  2 jackals (D:1)
  7 kobolds
  10 quokkas
  2 bats
  4 frilled lizards
  8 rats
165 creatures vanquished.

Vanquished Creatures (others)
  An orc (D:6)
  13 plants
14 creatures vanquished.

Grand Total: 179 creatures vanquished

Notes
Turn   | Place    | Note
-------+----------+-------------------------------------------
     0 | D:1      | belegose the Troll Cinder Acolyte began the quest for the
                  | Orb.
     0 | D:1      | Reached XP level 1. HP: 22/22 MP: 1/1
    53 | D:1      | Reached XP level 2. HP: 27/29 MP: 2/2
    93 | D:1      | Found a faded altar of an unknown god.
   508 | D:1      | Reached skill level 1 in Throwing
   508 | D:1      | Reached XP level 3. HP: 34/36 MP: 3/3
   809 | D:1      | Reached skill level 1 in Armour
   855 | D:2      | Found Gyodyogi's Book Shop.
   863 | D:2      | Found Aju Heli's Book Shoppe.
   928 | D:2      | Found Xaar's Magic Scroll Emporium.
   937 | D:2      | Bought a scroll of identify for 26 gold pieces
  1045 | D:2      | Found Xiasoeh's Jewellery Shop.
  1086 | D:2      | Found Xetaf's Distillery.
  1089 | D:2      | Bought a potion of curing for 36 gold pieces
  1204 | D:2      | Reached XP level 4. HP: 44/44 MP: 4/4
  1478 | D:3      | Found an opulent altar of Gozag.
  1478 | D:3      | Found a burning altar of Makhleb.
  1478 | D:3      | Found a white marble altar of Elyvilon.
  1879 | D:3      | Found a radiant altar of Vehumet.
  1886 | D:3      | Found a shimmering altar of Xom.
  1887 | D:3      | Found a blossoming altar of Fedhas.
  1893 | D:3      | Found a broken altar of Ashenzari.
  1895 | D:3      | Found a basalt altar of Yredelemnul.
  1896 | D:3      | Found a stormy altar of Qazlal.
  2304 | D:3      | Reached XP level 5. HP: 42/53 MP: 5/5
  2343 | D:4      | Noticed a phantom
  2369 | D:3      | Killed a phantom
  2370 | D:3      | Reached skill level 1 in Maces & Flails
  2370 | D:3      | Reached skill level 1 in Shields
  2493 | D:4      | Reached XP level 6. HP: 43/61 MP: 6/6
  2788 | D:4      | Found Yche's Weapon Boutique.
  2796 | D:4      | Bought 4 curare-tipped darts for 24 gold pieces
  2921 | D:4      | Noticed a moth of wrath
  2924 | D:4      | Found a bloodstained altar of Trog.
  2981 | D:4      | Reached XP level 7. HP: 59/68 MP: 7/7
  3390 | D:5      | Entered Level 5 of the Dungeon
  4476 | D:6      | Reached XP level 8. HP: 78/79 MP: 8/8
  4554 | D:6      | Noticed Eustachio
  4629 | D:6      | Killed Eustachio
  4720 | D:6      | Reached skill level 5 in Fighting
  5266 | D:6      | Reached skill level 5 in Throwing
  5995 | D:6      | Reached XP level 9. HP: 86/88 MP: 9/9
  6073 | D:7      | Reached skill level 5 in Maces & Flails
  6318 | D:7      | Reached skill level 5 in Shields
  6560 | D:7      | Found a staircase to the Ecumenical Temple.
  6878 | Temple   | Entered the Ecumenical Temple
  7336 | D:7      | HP: 3/91 [yak (14)]
  7337 | D:7      | Slain by a yak

Illustrated notes

Levels and vault maps discovered:
D:1:      mushboom_english_gardens, layout_basic, ebering_ecumenical_altar_mist,
          minmay_cut_off
D:2:      layout_rooms, serial_shops, nicolae_shop_behind_doors,
          nicolae_shop_hallway_plus, nicolae_shop_stone, shop,
          nicolae_shop_competitors_out_of_business, st_stairs_14
D:3:      layout_basic, nicolae_overflow_hallway_of_the_gods, serial_glass,
          glass_columns_a, glass_columns_a, glass_columns_c, glass_columns_b,
          glass_columns_b, glass_columns_b, minmay_close_crescents
D:4:      layout_rooms, tgw_trog, serial_shops, shop, chequers_garden
D:5:      layout_rooms, serial_glass, glass_columns_c, glass_columns_a,
          glass_columns_a, glass_columns_b, glass_columns_a, glass_columns_a,
          glass_columns_a, glass_columns_a, minmay_strange_pillars,
          feat_on_display, feat_on_display,
          nicolae_concentric_dashed_squares_mild
D:6:      layout_basic, serial_bayou, serial_bayou_crossing,
          serial_bayou_pond_b, serial_bayou_ford_a, serial_bayou_pond_a,
          nicolae_water_bricks, uniq_eustachio
D:7:      layout_loops_ring, minmay_temple_entry_gardened_gates,
          lightli_orcish_oven
D:8:      layout_layer_cave, hangedman_decor_lopped, uniq_harold
Temple:   chequers_temple_sunken

Skill      XL: |  1  2  3  4  5  6  7  8  9 |
---------------+----------------------------+-----
Throwing       | 1 2 3 4 5 6 |  6.3
Armour         | 1 |  1.4
Fighting       | 3 4 5 6 |  6.3
Maces & Flails | 1 2 3 4 5 |  5.9
Shields        | 1 2 3 4 5 |  5.4
Unarmed Combat | |  3.7
Spellcasting   | |  1.0
Fire Magic     | |  2.1

Action                   |  1- 3 |  4- 6 |  7- 9 || total
-------------------------+-------+-------+-------++-------
Melee: Unarmed           |   110 |    64 |    96 ||   270
       Punch             |     1 |       |       ||     1
       Mace              |       |    82 |   236 ||   318
Throw: Dart              |       |       |     4 ||     4
       Boomerang         |       |       |     1 ||     1
Invok: Rising Flame      |       |       |     1 ||     1
       Fiery Armour      |       |       |     1 ||     1
  Use: Scroll            |     3 |     2 |     1 ||     6
       Potion            |       |       |     1 ||     1
Armor: Robe              |    35 |    38 |   101 ||   174
Dodge: Dodged            |    45 |    42 |    94 ||   181
Block: Tower shield      |       |    80 |   221 ||   301

Table legend: (Time is in decaauts)
 A = Elapsed time spent in this place.
 B = Non-inter-level travel time spent in this place.
 C = Inter-level travel time spent in this place.
 D = Time resting spent in this place.
 E = Time spent auto-exploring this place.
 F = Levels seen in this place.
 G = Mean time per level.
                   A        B        C        D        E       F      G
               +--------+--------+--------+--------+--------+-----+--------+
         Total |   7615 |   6816 |    799 |    610 |   4126 |   9 |  846.1 |
       Dungeon |   7397 |   6629 |    768 |    610 |   3947 |   8 |  924.6 |
        Temple |    217 |    187 |     30 |      0 |    178 |   1 |  217.0 |
               +--------+--------+--------+--------+--------+-----+--------+

Top non-repeatable levels by time:
     D:6: 1714 daAuts
     D:7: 1212 daAuts
     D:3: 1169 daAuts
     D:4: 1125 daAuts
     D:1: 802 daAuts
     D:5: 735 daAuts
     D:2: 569 daAuts
  Temple: 217 daAuts
     D:8: 68 daAuts
